PIO (24 & UNDER)
CHULA VISTA TACOS @ SEATTLE RAINIERS
05/18/2027
 
TOP OF THE 1ST
Chula Vista Tacos batting - Pitching for Seattle Rainiers : RHP Jeff Alexander
Pitching: RHP Jeff Alexander
Batting: RHB Manny Torrez 0-0: Fly out, F6 (Line Drive, 6M)
Batting: LHB Jaime Icaza 0-0: Fly out, F8 (Line Drive, 8LM)
Batting: LHB Michael Myers 0-0: Foul Ball, location: 2F
0-1: SINGLE (Groundball, 34S) (infield hit)
Batting: LHB John White 0-0: Called Strike
0-1: Swinging Strike
0-2: Fly out, F8 (Flyball, 8RS)
Top of the 1st over - 0 run(s), 1 hit(s), 0 error(s), 1 left on base; Chula Vista 0 - Seattle 0
BOTTOM OF THE 1ST
Seattle Rainiers batting - Pitching for Chula Vista Tacos : RHP Manuel González
Pitching: RHP Manuel González
Batting: LHB Alarico Sloet tot Everlo 0-0: Called Strike
0-1: Ball
1-1: Called Strike
1-2: Foul Ball, location: 2F
1-2: Ground out 4-3 (Groundball, 4)
Batting: LHB Tom Craft 0-0: Fly out, F5 (Popup, 5)
Batting: LHB Carlos Valentín 0-0: Called Strike
0-1: Ball
1-1: Foul Ball, location: 2F
1-2: Ball
2-2: Foul Ball, location: 2F
2-2: Strikes out looking
Bottom of the 1st over - 0 run(s), 0 hit(s), 0 error(s), 0 left on base; Chula Vista 0 - Seattle 0
TOP OF THE 2ND
Chula Vista Tacos batting - Pitching for Seattle Rainiers : RHP Jeff Alexander
Batting: RHB Javier González 0-0: Swinging Strike
0-1: Called Strike
0-2: Foul Ball, location: 2F
0-2: Strikes out looking
Batting: LHB Joe Baker 0-0: Called Strike
0-1: Swinging Strike
0-2: Ball
1-2: Ball
2-2: Foul Ball, location: 2F
2-2: Ball
3-2: Base on Balls
Batting: SHB Michael Aisher 0-0: Grounds into double play, 4-6-3 (Groundball, 34)
Top of the 2nd over - 0 run(s), 0 hit(s), 0 error(s), 0 left on base; Chula Vista 0 - Seattle 0
BOTTOM OF THE 2ND
Seattle Rainiers batting - Pitching for Chula Vista Tacos : RHP Manuel González
Batting: RHB John Hill 0-0: Ball
1-0: Foul Ball, location: 2F
1-1: Hit by Pitch
Batting: RHB Cipriano Baca 0-0: Called Strike
0-1: Ball
1-1: Ball
2-1: Ball
3-1: Base on Balls
John Hill to second
Batting: RHB Danny Spode 0-0: Called Strike
0-1: Ball
1-1: Swinging Strike
1-2: Strikes out swinging
Batting: RHB Rodrigo García 0-0: Swinging Strike
0-1: Swinging Strike
0-2: Foul Ball, location: 2F
0-2: Foul Ball, location: 2F
0-2: Ball
1-2: Ball
2-2: Foul Ball, location: 2F
2-2: Fly out, F9 (Flyball, 9S)
Batting: SHB Claas van der Kuijl 0-0: Fly out, F9 (Flyball, 9LS)
Bottom of the 2nd over - 0 run(s), 0 hit(s), 0 error(s), 2 left on base; Chula Vista 0 - Seattle 0
TOP OF THE 3RD
Chula Vista Tacos batting - Pitching for Seattle Rainiers : RHP Jeff Alexander
Batting: RHB Gerald Davis 0-0: Ball
1-0: Foul Ball, location: 2F
1-1: Swinging Strike
1-2: Ball
2-2: SINGLE (Groundball, 4MD)
Batting: RHB Dave King 0-0: Ball
1-0: Foul Ball, location: 2F
1-1: Called Strike
1-2: Fly out, F8 (Flyball, 8RD)
Batting: RHB Manny Torrez 0-0: Ground out 5-3 (Groundball, 56S)
Gerald Davis to second
Batting: LHB Jaime Icaza 0-0: Foul Ball, location: 2F
0-1: Ball
1-1: Foul Ball, location: 2F
1-2: SINGLE (Groundball, 4S) (infield hit)
Gerald Davis to third
Batting: LHB Michael Myers 0-0: Ball
1-0: Ball
Jaime Icaza is caught stealing 2nd base
Top of the 3rd over - 0 run(s), 2 hit(s), 0 error(s), 0 left on base; Chula Vista 0 - Seattle 0
BOTTOM OF THE 3RD
Seattle Rainiers batting - Pitching for Chula Vista Tacos : RHP Manuel González
Batting: RHB Jorge Álvarez 0-0: Swinging Strike
0-1: Swinging Strike
0-2: Ball
1-2: Foul Ball, location: 2F
1-2: Foul Ball, location: 2F
1-2: Foul Ball, location: 2F
1-2: Strikes out swinging
Batting: LHB Alarico Sloet tot Everlo 0-0: Ground out 4-3 (Groundball, 4)
Batting: LHB Tom Craft 0-0: Ball
1-0: Ball
2-0: Foul Ball, location: 2F
2-1: Foul Ball, location: 2F
2-2: Ball
3-2: Strikes out looking
Bottom of the 3rd over - 0 run(s), 0 hit(s), 0 error(s), 0 left on base; Chula Vista 0 - Seattle 0
TOP OF THE 4TH
Chula Vista Tacos batting - Pitching for Seattle Rainiers : RHP Jeff Alexander
Batting: LHB Michael Myers 0-0: Called Strike
0-1: Ball
1-1: Ball
2-1: Foul Ball, location: 2F
2-2: Strikes out swinging
Batting: LHB John White 0-0: Called Strike
0-1: Called Strike
0-2: Ball
1-2: Strikes out looking
Batting: RHB Javier González 0-0: Ball
1-0: Ball
2-0: Foul Ball, location: 2F
2-1: Foul Ball, location: 2F
2-2: Foul Ball, location: 2F
2-2: Fly out, F9 (Flyball, 9LS)
Top of the 4th over - 0 run(s), 0 hit(s), 0 error(s), 0 left on base; Chula Vista 0 - Seattle 0
BOTTOM OF THE 4TH
Seattle Rainiers batting - Pitching for Chula Vista Tacos : RHP Manuel González
Batting: LHB Carlos Valentín 0-0: Swinging Strike
0-1: Ball
1-1: Foul Ball, location: 2F
1-2: Strikes out swinging
Batting: RHB John Hill 0-0: Foul Ball, location: 2F
0-1: Ball
1-1: Ball
2-1: Fly out, F7 (Flyball, 7D)
Batting: RHB Cipriano Baca 0-0: Ball
1-0: Swinging Strike
1-1: Foul Ball, location: 2F
1-2: Strikes out swinging
Bottom of the 4th over - 0 run(s), 0 hit(s), 0 error(s), 0 left on base; Chula Vista 0 - Seattle 0
TOP OF THE 5TH
Chula Vista Tacos batting - Pitching for Seattle Rainiers : RHP Jeff Alexander
Batting: LHB Joe Baker 0-0: SINGLE (Groundball, 34D)
Batting: SHB Michael Aisher 0-0: Called Strike
0-1: Ball
1-1: Swinging Strike
1-2: Ball
2-2: Ball
3-2: Foul Ball, location: 2F
3-2: Foul Ball, location: 2F
3-2: Base on Balls
Joe Baker to second
Batting: RHB Gerald Davis 0-0: Ball
1-0: Hit by Pitch
Joe Baker to third
Michael Aisher to second
Batting: RHB Dave King 0-0: Foul Ball, location: 2F
0-1: Grounds into double play, 6-4-3 (Groundball, 6)
Joe Baker scores
Michael Aisher to third
Batting: RHB Manny Torrez 0-0: Ball
1-0: Fly out, F3 (Popup, 3L)
Top of the 5th over - 1 run(s), 1 hit(s), 0 error(s), 1 left on base; Chula Vista 1 - Seattle 0
BOTTOM OF THE 5TH
Seattle Rainiers batting - Pitching for Chula Vista Tacos : RHP Manuel González
Batting: RHB Danny Spode 0-0: Called Strike
0-1: Called Strike
0-2: Strikes out swinging
Batting: RHB Rodrigo García 0-0: Called Strike
0-1: Ball
1-1: Ball
2-1: Foul Ball, location: 2F
2-2: Foul Ball, location: 2F
2-2: Ground out 4-3 (Groundball, 34D)
Batting: SHB Claas van der Kuijl 0-0: Swinging Strike
0-1: Called Strike
0-2: Strikes out swinging
Bottom of the 5th over - 0 run(s), 0 hit(s), 0 error(s), 0 left on base; Chula Vista 1 - Seattle 0
TOP OF THE 6TH
Chula Vista Tacos batting - Pitching for Seattle Rainiers : RHP Jeff Alexander
Batting: LHB Jaime Icaza 0-0: Foul Ball, location: 2F
0-1: Swinging Strike
0-2: Ball
1-2: Ball
2-2: SINGLE (Groundball, 4MD)
Batting: LHB Michael Myers 0-0: Ball
1-0: Ball
2-0: Called Strike
2-1: Ball
3-1: Called Strike
3-2: Strikes out swinging
Batting: LHB John White 0-0: Foul Ball, location: 2F
0-1: Fly out, F9 (Flyball, 9D)
Batting: RHB Javier González 0-0: Foul Ball, location: 2F
0-1: Foul Ball, location: 2F
0-2: Strikes out looking
Top of the 6th over - 0 run(s), 1 hit(s), 0 error(s), 1 left on base; Chula Vista 1 - Seattle 0
BOTTOM OF THE 6TH
Seattle Rainiers batting - Pitching for Chula Vista Tacos : RHP Manuel González
Batting: RHB Jorge Álvarez 0-0: Called Strike
0-1: Fly out, F7 (Line Drive, 7)
Batting: LHB Alarico Sloet tot Everlo 0-0: SINGLE (Groundball, 6M) (infield hit)
Batting: LHB Tom Craft 0-0: Ball
1-0: Called Strike
1-1: Called Strike
1-2: DOUBLE (Flyball, 8RD)
Alarico Sloet tot Everlo to third
Alarico Sloet tot Everlo scores
Batting: LHB Carlos Valentín 0-0: Called Strike
0-1: Ball
1-1: Foul Ball, location: 2F
1-2: Ball
2-2: Foul Ball, location: 2F
2-2: Ball
3-2: Ground out 1-3 (Groundball, P)
Tom Craft to third
Pitching: LHP Brock Saunders
Batting: RHB John Hill 0-0: Called Strike
0-1: Swinging Strike
0-2: Ball
1-2: Foul Ball, location: 2F
1-2: Strikes out swinging
Bottom of the 6th over - 1 run(s), 2 hit(s), 0 error(s), 1 left on base; Chula Vista 1 - Seattle 1
TOP OF THE 7TH
Chula Vista Tacos batting - Pitching for Seattle Rainiers : RHP Jeff Alexander
Pitching: LHP Jeffrey Glass
Batting: LHB Joe Baker 0-0: Swinging Strike
0-1: Ball
1-1: Foul Ball, location: 2F
1-2: Strikes out swinging
Pinch Hitting: SHB Walt Rodgers 0-0: Ball
1-0: Called Strike
1-1: Called Strike
1-2: Ball
2-2: Ball
3-2: Strikes out swinging
Batting: RHB Gerald Davis 0-0: Ball
1-0: Foul Ball, location: 2F
1-1: Ball
2-1: Ball
3-1: Called Strike
3-2: Foul Ball, location: 2F
3-2: Base on Balls
Batting: RHB Dave King 0-0: Called Strike
0-1: Ground out 6-3 (Groundball, 56)
Top of the 7th over - 0 run(s), 0 hit(s), 0 error(s), 1 left on base; Chula Vista 1 - Seattle 1
BOTTOM OF THE 7TH
Seattle Rainiers batting - Pitching for Chula Vista Tacos : LHP Brock Saunders
Now at 3B: Walt Rodgers
Pinch Hitting: RHB Emílio Cervantes 0-0: Fly out, F8 (Flyball, 89M)
Batting: RHB Danny Spode 0-0: Ball
1-0: Foul Ball, location: 2F
1-1: Foul Ball, location: 2F
1-2: Foul Ball, location: 2F
1-2: Ball
2-2: Foul Ball, location: 2F
2-2: Strikes out swinging
Batting: RHB Rodrigo García 0-0: Ground out 4-3 (Groundball, 4)
Bottom of the 7th over - 0 run(s), 0 hit(s), 0 error(s), 0 left on base; Chula Vista 1 - Seattle 1
TOP OF THE 8TH
Chula Vista Tacos batting - Pitching for Seattle Rainiers : LHP Jeffrey Glass
Now at 2B: Emílio Cervantes
Batting: RHB Manny Torrez 0-0: Called Strike
0-1: Ball
1-1: Ball
2-1: Swinging Strike
2-2: Strikes out swinging
Pinch Hitting: RHB Ray Rogers 0-0: Swinging Strike
0-1: Called Strike
0-2: SINGLE (Line Drive, 6M)
Pinch Runner at 1st Preston Wooten:
Pinch Hitting: RHB Ron Garrett 0-0: Ball
Preston Wooten steals 2nd base
1-0: Ball
2-0: Foul Ball, location: 2F
2-1: Ball
3-1: Base on Balls
Batting: LHB John White 0-0: Called Strike
0-1: Ball
1-1: Swinging Strike
1-2: Strikes out swinging
Batting: RHB Javier González 0-0: Ground out 5-3 (Groundball, 5S)
Top of the 8th over - 0 run(s), 1 hit(s), 0 error(s), 2 left on base; Chula Vista 1 - Seattle 1
BOTTOM OF THE 8TH
Seattle Rainiers batting - Pitching for Chula Vista Tacos : LHP Brock Saunders
Now at 3B: Ron Garrett
Now in LF: Preston Wooten
Pinch Hitting: SHB Eduardo Sánchez 0-0: Ball
1-0: Ball
2-0: Called Strike
2-1: Fly out, F6 (Popup, 6)
Pinch Hitting: RHB Albert Cordero 0-0: Foul Ball, location: 2F
0-1: Ball
1-1: Fly out, F9 (Flyball, 9)
Pinch Hitting: RHB Roberto Pérez 0-0: Called Strike
0-1: Ball
1-1: Called Strike
1-2: Ground out 4-3 (Groundball, 34)
Bottom of the 8th over - 0 run(s), 0 hit(s), 0 error(s), 0 left on base; Chula Vista 1 - Seattle 1
TOP OF THE 9TH
Chula Vista Tacos batting - Pitching for Seattle Rainiers : LHP Jeffrey Glass
Pitching: LHP William Gordon
Now at 1B: Eduardo Sánchez
Now at SS: José Vidal
Now in CF: Jorge Colón
Batting: LHB Joe Baker 0-0: SINGLE (Flyball, 7S)
Batting: SHB Walt Rodgers 0-0: Ball
1-0: Ball
2-0: Sac Bunt - play at first, batter OUT! 5-3
Joe Baker to second
Batting: RHB Gerald Davis 0-0: Intentional Walk
Batting: RHB Dave King 0-0: Ball
1-0: Ball
2-0: Swinging Strike
2-1: Swinging Strike
2-2: Foul Ball, location: 2F
2-2: Strikes out swinging
Batting: RHB Manny Torrez 0-0: Called Strike
0-1: Ball
1-1: SINGLE (Flyball, 9LS)
Joe Baker to third
Gerald Davis to second
Runner from 3rd tries for Home, SAFE, no throw
Batting: RHB Preston Wooten 0-0: Ball
1-0: Ball
2-0: Ball
3-0: Called Strike
3-1: Base on Balls
Gerald Davis to third
Manny Torrez to second
Batting: RHB Ron Garrett 0-0: Called Strike
0-1: Swinging Strike
0-2: Foul Ball, location: 2F
0-2: Strikes out swinging
Top of the 9th over - 1 run(s), 2 hit(s), 0 error(s), 3 left on base; Chula Vista 2 - Seattle 1
BOTTOM OF THE 9TH
Seattle Rainiers batting - Pitching for Chula Vista Tacos : LHP Brock Saunders
Pitching: RHP Rick Hernández
Now at 1B: Steven Smith
Pinch Hitting: LHB Kelsey Scott 0-0: Ball
1-0: Foul Ball, location: 2F
1-1: Ball
2-1: Ground out 6-3 (Groundball, 6)
Batting: LHB Carlos Valentín 0-0: Called Strike
0-1: Ball
1-1: Foul Ball, location: 2F
1-2: Strikes out swinging
Batting: RHB John Hill 0-0: Ball
1-0: Foul Ball, location: 2F
1-1: Called Strike
1-2: Fly out, F8 (Flyball, 8RM)
Bottom of the 9th over - 0 run(s), 0 hit(s), 0 error(s), 0 left on base; Chula Vista 2 - Seattle 1
Thursday, March 30th, 2017 - OOTP Baseball 17.12 Build 75